Map: Backwater LE

Players

Snute - Winner!

  • Race: Zerg Zerg
  • Spawn Location: 11:00

DeMusliM

  • Race: Terran Terran
  • Spawn Location: 5:00

Event: WCS Leipzig 2018

VOD

Have the link to the VOD?

Description

Time

  • Played on: Jan. 26, 2018, 9:27 a.m.
  • Length: 6:43

All games in this series

Show
View Real Time Build Order
Export as new Build Order

Snute Zerg - Winner!

Build Orders: Hatch First 

Get SALT Encoding   

  12  0:00  Drone  
  13  0:12  Overlord  
  13  0:17  Drone  
  14  0:30  Drone x2  
  14  0:34  Drone  
  17  0:52  Hatchery  
  17  0:54  Drone  
  17  0:58  Drone  
  17  1:01  Extractor  
  17  1:14  Spawning Pool  
  17  1:16  Drone  
  17  1:19  Drone  
  18  1:27  Drone  
  19  1:38  Overlord  
  19  1:49  Drone  
  20  2:00  Queen  
  23  2:01  Zergling x2  
  23  2:02  Metabolic Boost  
  23  2:04  Queen  
  23  2:08  Zergling x2  
  26  2:13  Drone  
  26  2:15  Drone  
  28  2:21  Drone  
  29  2:28  Drone  
  30  2:33  Drone  
  30  2:36  Zergling x2, Queen  
  34  2:47  Hatchery  
  34  2:50  Overlord  
  33  2:56  Zergling x4  
  33  2:58  Zergling x2  
  36  3:11  Drone x4  
  36  3:12  Drone  
  41  3:18  Drone x2  
  41  3:19  Drone  
  44  3:26  Drone  
  44  3:38  Overlord  
  44  3:43  Overlord  
  44  3:46  Drone  
  43  3:51  Drone  
  43  3:55  Overlord  
  44  3:56  Queen x2  
  44  3:57  Drone  
  44  3:58  Drone x3  
  44  4:01  Queen  
  53  4:04  Drone  
  53  4:05  Drone  
  53  4:06  Drone  
  56  4:11  Drone x2  
  56  4:14  Drone  
  56  4:15  Drone  
  60  4:22  Extractor  
  60  4:23  Roach Warren  
  58  4:25  Drone x2, Overlord  
  58  4:27  Drone  
  58  4:28  Drone  
  58  4:30  Drone  
  58  4:31  Drone  
  64  4:32  Drone, Queen  
  64  4:36  Overlord  
  67  4:39  Overlord  
  67  4:41  Overlord  
  67  4:44  Drone  
  68  4:46  Overlord  
  68  4:54  Drone x2  
  68  4:56  Drone  
  71  5:04  Roach x6  
  83  5:07  Roach  
  83  5:08  Roach  
  83  5:12  Roach x2  
  83  5:13  Zergling x8  
  95  5:17  Spore Crawler  
  95  5:19  Extractor  
  95  5:20  Extractor  
  92  5:21  Extractor  
  92  5:22  Extractor  
  92  5:27  Evolution Chamber x2  
  92  5:28  Zergling x6  
  91  5:33  Zergling x4  
  93  5:40  Zergling x2  
  93  5:41  Zergling x14  
  101  5:54  Zergling x2  
  101  5:55  Zergling x8  
  106  6:01  Overlord  
  106  6:02  Overlord  
  106  6:09  Overlord  
  106  6:16  Overlord  
  106  6:24  Drone x8  
  110  6:26  Drone x2  
Show
View Real Time Build Order
Export as new Build Order

DeMusliM Terran 

Build Orders: Command Center First (CC) 

Get SALT Encoding   

  12  0:00  SCV  
  13  0:12  SCV  
  14  0:17  Supply Depot  
  14  0:24  SCV  
  15  0:38  SCV  
  16  0:50  SCV  
  17  0:59  Command Center  
  17  1:02  SCV  
  18  1:14  SCV  
  18  1:16  Barracks  
  19  1:22  Refinery  
  19  1:26  SCV  
  19  1:29  Refinery  
  20  1:39  SCV  
  21  1:51  SCV  
  22  2:03  Orbital Command, Reaper  
  23  2:11  Orbital Command  
  23  2:19  Factory  
  23  2:26  Supply Depot  
  23  2:28  SCV  
  24  2:36  Barracks Reactor  
  24  2:37  SCV  
  24  2:40  SCV  
  26  2:49  SCV  
  27  2:52  SCV  
  28  3:01  SCV  
  28  3:03  Starport  
  28  3:04  SCV  
  30  3:17  SCV x2  
  31  3:22  Hellion  
  31  3:23  Hellion, Barracks Tech Lab  
  35  3:29  SCV x2  
  35  3:41  SCV x2  
  35  3:42  Viking  
  38  3:53  Hellion x2, SCV x2  
  42  4:05  SCV  
  42  4:06  SCV  
  42  4:09  Supply Depot, Marine  
  45  4:18  SCV  
  46  4:30  Stimpack  
  46  4:31  SCV x2  
  48  4:32  Supply Depot  
  48  4:34  Command Center  
  48  4:38  Factory Reactor  
  48  4:43  SCV x2, Marine  
  51  4:47  Barracks  
  51  4:54  Barracks  
  51  4:55  SCV x2, Starport Reactor  
  51  4:57  Engineering Bay  
  53  5:01  Marine  
  53  5:06  Engineering Bay  
  54  5:07  SCV x2  
  54  5:14  Refinery x2, Supply Depot  
  56  5:19  SCV x2  
  58  5:21  Marine  
  58  5:24  Factory Tech Lab  
  59  5:31  SCV x2  
  61  5:39  Marine x2  
  61  5:40  Marine  
  64  5:43  SCV x2  
  64  5:48  Marine x2  
  66  5:52  Orbital Command  
  66  5:55  SCV x2  
  66  5:56  Medivac x2  
  72  5:57  Marine  
  72  6:01  Barracks, Marine  
  72  6:03  Barracks  
  74  6:08  SCV x2, Marine  
  77  6:11  Marine  
  78  6:18  Marine  
  78  6:20  Supply Depot  
  78  6:21  Supply Depot  
Tags
 
Add a new tag
Caveats
  • Supply blocks, unpowered buildings, or Contaminate may cause inaccurate times.
  • Supply counts are checked every 10 seconds.